 Dungeon Crawl Stone Soup version 0.27-a0-1202-ge72e49191c (webtiles) character file.

Game seed: 1718012146228943098

1830784 Torax the Sorcerer (level 27, 225/225 HPs)
             Began as a Djinni Conjurer on June 2, 2021.
             Was the Champion of Ru.
             Escaped with the Orb
             ... and 3 runes!
             The game lasted 04:11:45 (63655 turns).

Torax the Sorcerer (Djinni Conjurer)               Turns: 63655, Time: 04:11:46

Health: 225/225    AC: 12    Str:  8    XL:     27
Gold:   7848       EV: 10    Int: 39    God:    Ru [******] SH:  9 Dex:  7

rFire    + + .     SeeInvis .   a - staff of conjuration
rCold    . . .     Faith    .   C - +3 buckler {rC+}
rNeg     . . .     Spirit   .   m - +2 robe {Archmagi}
rPois    ∞         Reflect  .   E - +5 helmet of the Catamount {Fly Regen+ rCorr Dex-5}
rElec    .         Harm     .   Z - +2 cloak {Will+}
rCorr    +         Rampage  .   g - +2 pair of gloves {Stlth+}
Will     +++..                  (boots unavailable)
Stlth    ..........             q - amulet of regeneration
HPRegen  2.47/turn              A - ring of the Octopus King {Wiz AC+1 EV+1 Str+1 Int+1 Dex+1}
MPRegen  0.00/turn              J - ring "Qalloof" {Str+3 Int+6}

@: flying
A: sickness immunity, clumsy 1, fire resistance 2, weak 1, cold vulnerability 1,
no stealth, inability to train armour, reduced AC 1, reduced EV 1, unskilled 1,
float, innate caster, hp casting, extra vitality 1, robust 1, wild magic 1
0: Orb of Zot
}: 3/15 runes: serpentine, barnacled, slimy
a: Renounce Religion, Draw Out Power, Power Leap, Apocalypse


You escaped.
You worshipped Ru.
Ru was exalted by your worship.
You visited 12 branches of the dungeon, and saw 55 of its levels.
You visited 2 bazaars.
You also visited: Trove, Sewer, Ice Cave and Wizlab.

You collected 10496 gold pieces.
You spent 2648 gold pieces at shops.

Inventory:

Missiles
 w - 16 curare-tipped darts
 y - 18 atropa-tipped darts
 G - 3 boomerangs of dispersal
 W - 8 throwing nets
Armour
 g - a +2 pair of gloves of stealth (worn)
   (You took it off Nikola on level 1 of the Shoals)
 m - a +2 robe of the Archmagi (worn)
   (You took it off Nergalle on level 10 of the Dungeon)
 C - a +3 buckler of cold resistance (worn)
   (You bought it in a shop on level 2 of the Orcish Mines)
 E - the +5 helmet of the Catamount (worn) {Fly Regen+ rCorr Dex-5}
   (You acquired it on level 1 of the Shoals)

   It affects your dexterity (-5).
   It grants you flight.
   It increases your rate of health regeneration.
   It protects you from acid and corrosion.
 Z - a +2 cloak of willpower (worn)
   (You took it off Nikola on level 1 of the Shoals)
Magical Staves
 a - a staff of conjuration (weapon)
   (You found it on level 5 of the Pits of Slime)
 b - a staff of air
   (You found it on level 7 of the Dungeon)
Jewellery
 q - an amulet of regeneration (around neck)
   (You found it on level 2 of the Lair of Beasts)
 v - the ring of the Death Scarab {rC++ rN+ SInv}
   (You took it off a deep elf death mage on level 3 of the Elven Halls)

   [ring of see invisible]

   It greatly protects you from cold.
   It protects you from negative energy.
   It lets you see invisible.
 A - a ring of the Octopus King (left hand) {Wiz AC+1 EV+1 Str+1 Int+1 Dex+1}
   (You found it in a treasure trove)

   [ring of wizardry]

   It improves your spell success rate.
   It affects your AC (+1).
   It affects your evasion (+1).
   It affects your strength (+1).
   It affects your intelligence (+1).
   It affects your dexterity (+1).
 J - the ring "Qalloof" (right hand) {Str+3 Int+6}
   (You found it on level 2 of the Realm of Zot)

   [ring of intelligence]

   It affects your strength (+3).
   It affects your intelligence (+6).
 T - the amulet "Dediqac" {Faith -Tele rN+++ Regen+ Stlth+}
   (You found it on level 2 of the Realm of Zot)

   [amulet of faith]

   It allows you to gain divine favour quickly.
   It renders you almost immune to negative energy.
   It prevents most forms of teleportation.
   It increases your rate of health regeneration.
   It makes you more stealthy.
Wands
 l - a wand of paralysis (46)
   (You found it on level 6 of the Dungeon)
 p - a wand of mindburst (59)
   (You found it on level 6 of the Lair of Beasts)
 x - a wand of iceblast (44)
   (You found it on level 1 of the Shoals)
 F - a wand of acid (64)
   (You found it on level 6 of the Dungeon)
 K - a wand of digging (22)
   (You found it on level 8 of the Dungeon)
 S - a wand of charming (12)
   (You found it on level 13 of the Dungeon)
Scrolls
 h - 3 scrolls of immolation
 n - 7 scrolls of blinking
 r - 7 scrolls of vulnerability
 s - a scroll of holy word
 t - 11 scrolls of magic mapping
 B - 10 scrolls of fog
 D - 5 scrolls of silence
 H - 22 scrolls of teleportation
 N - 6 scrolls of fear
 O - 3 scrolls of summoning
 R - 21 scrolls of identify
Potions
 c - 11 potions of haste
 d - 4 potions of invisibility
 e - 22 potions of heal wounds
 i - 4 potions of resistance
 j - 3 potions of brilliance
 k - 9 potions of mutation
 o - 10 potions of might
 u - 7 potions of lignification
 z - 20 potions of curing
 I - 3 potions of magic
 L - 10 potions of attraction
 M - 5 potions of cancellation
 X - 2 potions of ambrosia
Miscellaneous
 P - a phantom mirror
   (You found it on level 5 of the Pits of Slime)
 Q - a box of beasts
   (You found it on level 5 of the Pits of Slime)
 U - a phial of floods
   (You found it on level 5 of the Pits of Slime)
 V - a tin of tremorstones (2/2)
   (You found it on level 2 of the Snake Pit)


   Skills:
 + Level 20.2 Fighting
 - Level 6.8 Staves
 - Level 12.0 Dodging
 - Level 13.2 Shields
 * Level 26.4 Spellcasting
 - Level 15.7 Evocations


You couldn't memorise any spells.
You knew the following spells:

 Your Spells              Type           Power      Damage    Failure   Level
a - Magic Dart            Conj           100%       1d8       1%          1
b - Searing Ray           Conj           100%       3d7       1%          2
d - Fulminant Prism       Conj/Hex       100%       3d41      1%          4
e - Iskenderun's Mystic   Conj/Tloc      100%       2d19      1%          4
g - Chain Lightning       Conj/Air       100%       N/A       1%          8
h - Static Discharge      Conj/Air       100%       N/A       1%          2
i - Cause Fear            Hex            86%        N/A       1%          4
j - Spellforged Servitor  Conj/Summ      100%       N/A       1%          7
k - Death Channel         Necr           86%        N/A       1%          6
l - Invisibility          Hex            100%       N/A       1%          6
C - Fire Storm            Conj/Fire      100%       8d25      1%          9
K - Foxfire               Conj/Fire      100%       2x1d9     1%          1
L - Wereblood             Tmut           100%       N/A       1%          2
O - Dazzling Flash        Conj/Hex       100%       N/A       1%          3
P - Leda's Liquefaction   Hex/Erth       86%        N/A       1%          4
Q - Disjunction           Tloc           86%        N/A       1%          8
U - Dragon Form           Tmut           86%        N/A       1%          7
Y - Iskenderun's Battles  Conj           100%       2d15      1%          5
Your spell library was empty.

Dungeon Overview and Level Annotations

Branches:
Dungeon (15/15)            Temple (1/1) D:7            Lair (6/6) D:8
 Shoals (4/4) Lair:4        Snake (4/4) Lair:4        Slime (5/5) Lair:5
    Orc (2/2) D:11            Elf (3/3) Orc:2        Vaults (4/5) D:14
  Crypt (0/3) Vaults:2     Depths (5/5) D:15           Hell (visited)
    Zot (5/5) Depths:5      Sewer (visited)           IceCv (visited)
 WizLab (visited)
    Dis: Hell:1         Geh: Hell:1         Coc: Hell:1         Tar: Hell:1

Altars:
Ashenzari
Cheibriados
Dithmenos
Elyvilon
Fedhas
Gozag
Hepliaklqana
Kikubaaqudgha
Makhleb
Nemelex Xobeh
Okawaru
Qazlal
Ru
Sif Muna
Trog
Uskayaw
Vehumet
Wu Jian
Xom
Yredelemnul
Zin
The Shining One
Jiyva
Lugonu

Shops:
D:2 [   D:3 :   D:4 *   D:13 *   D:15 =:*[   Orc:2 [:?[   Elf:3 (   Snake:1 (!
Snake:2 =:=   Depths:1 *   Depths:2 (

Portals:
Hell: Depths:1 Depths:2 Depths:3 Depths:4 Depths:5
Abyss: Depths:1 Depths:2 Depths:3 Depths:4 Depths:5
Pandemonium: Depths:1 Depths:3 Depths:5
Ziggurat: Depths:4

Annotations:
D:11 , 3 runed translucent doors
Zot:2 1 runed translucent door, Teqoj's ghost, legendary MiBe


Innate Abilities, Weirdness & Mutations

You are immune to sickness and miasma.
You are immune to poison.
You are clumsy. (Dex -2)
Your flesh is very heat resistant. (rF++)
You are weak. (Str -2)
You are vulnerable to cold. (rC-)
You cannot be stealthy.
You cannot train Armour skill.
You take slightly more damage. (AC -5)
You have somewhat slow reflexes. (EV -5)
You are somewhat unskilled. (-1 Apt)
You float through the air rather than walking.
You learn spells naturally, not from books.
Your magical power is your life essence.
You have superior vitality. (+4 HP)
You are robust. (+10% HP)
Your spells are a little harder to cast, but a little more powerful.


Message History

The lightning arc hits you. You resist.
The lightning arc hits the hellwing!!!
You kill the hellwing!
The lightning arc hits you. You resist.
The lightning arc grounds out.
Unknown command.
(D) Dungeon (T) Temple (L) Lair (A) Shoals (P) Snake Pit (M) Slime Pits (O) Orcish Mines (E) Elven Halls (V) Vaults (C) Crypt (U) Depths (H) Hell (Z) Zot
Where to? (Enter - D:1 @ (x,y), ? - help)
There is a stone staircase leading up here.
You fly upwards.
There is a stone staircase leading down here.
HP restored.
There is a stone staircase leading up here.
You fly upwards.
There is a stone staircase leading down here.
There is a stone staircase leading up here.
You fly upwards.
There is a stone staircase leading down here.
There is a stone staircase leading up here.
You fly upwards.
There is a stone staircase leading down here.
A chaos spawn comes into view.
You feel a strong surge of power!
You hear a mighty clap of thunder!
The lightning arc hits the chaos spawn!!!!
You kill the chaos spawn!
The chaos spawn degenerates into a cloud of primal chaos!
The lightning arc hits you. You resist.
The lightning arc grounds out.
(D) Dungeon (T) Temple (L) Lair (A) Shoals (P) Snake Pit (M) Slime Pits (O) Orcish Mines (E) Elven Halls (V) Vaults (C) Crypt (U) Depths (H) Hell (Z) Zot
Where to? (Enter - D:1 @ (x,y), ? - help) HP restored.
There is a stone staircase leading up here.
You fly upwards.
There is a stone staircase leading down here.
There is a stone staircase leading up here.
You fly upwards.
There is a stone staircase leading down here.
An Orb Guardian comes into view.
You feel a strong surge of power!
You hear a mighty clap of thunder!
The lightning arc hits the Orb Guardian!!!
The Orb Guardian is almost dead.
The lightning arc hits you. You resist.
The lightning arc hits the Orb Guardian!!!!
You kill the Orb Guardian!
The lightning arc hits you. You resist.
The lightning arc grounds out.
You hear a shout!
A Brimstone Fiend comes into view.
Unknown command.
You feel a strong surge of power!
You hear a mighty clap of thunder!
The lightning arc hits the Brimstone Fiend!!!
The Brimstone Fiend is heavily wounded.
The lightning arc hits you. You resist.
The lightning arc hits the Brimstone Fiend!!!!
You kill the Brimstone Fiend!
The lightning arc hits you. You resist.
The lightning arc grounds out.
Unknown command.
There is an open gate here.
An Executioner comes into view.
You feel a strong surge of power!
The lightning arc grounds out.
Unknown command.
Unknown command.
You feel a strong surge of power!
You hear a mighty clap of thunder!
The lightning arc hits the Executioner!!
The Executioner resists.
The Executioner is moderately wounded.
The lightning arc hits you. You resist.
The lightning arc hits the Executioner!
The Executioner resists.
The Executioner is severely wounded.
The lightning arc hits you. You resist.
The lightning arc hits the Executioner!!
The Executioner resists.
The Executioner is almost dead.
The lightning arc hits you but does no damage.
You resist.
The lightning arc hits the Executioner!
The Executioner resists.
You kill the Executioner!
The lightning arc hits you. You resist.
The lightning arc grounds out.
You hear a shout!
Unknown command.
Unknown command.
Unknown command.
There is a staircase leading out of the dungeon here.
a - a staff of conjuration (weapon)
You feel clever all of a sudden.
Unknown command.
Casting: Chain Lightning (mildly dangerous; 1% risk of failure)
Confirm with . or Enter, or press ? or * to list all spells.
Okay, then.
You start resting.
HP restored.
Your magical effects are unravelling.
You feel magically purged.
You feel a little less clever now.
You have escaped!

...## ##.## #..♣♣
###.###..# #...♣♣
##.#.#.# #....♣
##...#.# ##....♣♣
##.###..###......♣
#.## ##.##.......♣
#..###..#8..8..8.♣
#.#.#.#.'........♣♣
##.##.##.'......@..♣
#...#.##.'........♣♣
......##.#8..8..8.♣
......#####......♣♣
.......##.##.....♣
......###.###...♣♣
.....####.###...♣
#........#..#...♣
##.######.###...♣


There were no monsters in sight!

Vanquished Creatures
  the Royal Jelly (Slime:5)
  3 ancient liches
  7 dread liches
  2 orbs of fire (Zot:5)
  Mara (Vaults:2)
  Mennas (Depths:5)
  Vashnia (Snake:4)
  4 Killer Klowns
  The ghost of Yxzax the Metallomancer, a veteran GrEE of Vehumet (Vaults:4)
  Saint Roka (Vaults:4)
  6 caustic shrikes
  2 curse toes
  Geryon (Hell)
  Nikola (Shoals:1)
  9 golden dragons
  A bone dragon (Depths:5)
  A profane servitor (D:13)
  A Brimstone Fiend (D:1)
  3 electric golems
  27 tentacled monstrosities
  27 Orb Guardians
  The ghost of Fama the Meteorologist, an adept TeCj of Gozag (Snake:2)
  4 liches
  3 deep elf master archers (Elf:3)
  3 titans
  4 quicksilver dragons
  2 Executioners
  A deep elf blademaster (Elf:3)
  22 acid blobs
  3 death cobs (Zot:1)
  The ghost of Zogoutz the Severer, an adept MiFi of Trog (Shoals:2)
  14 storm dragons
  An ancient champion (WizLab)
  10 shadow dragons
  5 sphinxes
  Kirke (D:14)
  5 tengu reavers
  Roxanne (Elf:2)
  15 azure jellies
  4 fire giants
  Ilsuiw (Shoals:4)
  A nagaraja (Snake:4)
  8 rockslimes
  8 draconian monks
  8 draconian knights
  A balrug (Depths:4)
  7 deep elf sorcerers
  An iron dragon (Depths:2)
  11 frost giants
  Louise (Depths:2)
  Aizul (Elf:3)
  3 ghost moths
  A deep elf elementalist (Elf:3)
  3 draconian shifters
  7 vault wardens
  5 cacodemons
  The ghost of PejaSLU the Severer, a journeyman MiBe of Trog (Lair:6)
  4 draconian stormcallers
  An orc warlord (Vaults:3)
  6 draconian annihilators
  A curse skull (Vaults:4)
  A war gargoyle (Vaults:2)
  The ghost of Torax the Marksdjinni, a journeyman DjIE of Nemelex Xobeh (D:15)
  4 spriggan defenders
  41 very ugly things
  21 stone giants
  3 reapers
  A corrupter (D:13)
  6 quicksilver oozes
  7 deep elf demonologists
  10 vampire knights
  13 ironbound preservers
  9 green draconians
  Nessos (Lair:6)
  8 red draconians
  4 dire elephants
  7 deep elf annihilators
  11 black draconians
  Azrael (D:13)
  2 spark wasps (Depths:2)
  3 eidola (Vaults:4)
  8 purple draconians
  11 white draconians
  9 yellow draconians
  13 ettins
  14 merfolk impalers
  3 deep elf death magi (Elf:3)
  16 fire dragons
  6 merfolk javelineers
  A jiangshi (Vaults:2)
  11 deep elf high priests
  6 yaktaur captains
  7 vault guards
  32 naga warriors
  16 ice dragons
  12 hydras
  4 ironbound thunderhulks
  17 great orbs of eyes
  5 salamander tyrants (Snake:4)
  5 rakshasas
  3 ironbound frosthearts
  5 boulder beetles
  A catoblepas (Lair:3)
  7 merfolk aquamancers
  14 anacondas
  12 centaur warriors
  6 merfolk avatars
  A spectral stone giant (D:15)
  2 alligator snapping turtles (Shoals:3)
  15 dancing weapons
  11 tengu warriors
  2 satyrs (Shoals:3)
  16 deep troll earth magi
  9 two-headed ogres
  11 deep troll shamans
  The ghost of fly the Frost Mage, a journeyman OpIE of Qazlal (D:11)
  4 ironbound beastmasters
  2 vampire magi
  18 hell knights
  5 orc high priests
  3 sun demons
  6 spriggan berserkers
  7 shock serpents
  8 death yaks
  20 naga sharpshooters
  7 deep elf knights
  Nergalle (D:10)
  7 skeletal warriors
  17 iron trolls
  A sixfirhy (Depths:5)
  9 salamander mystics
  6 ironbound convokers
  13 naga ritualists
  13 sea snakes
  2 torturous demonspawn
  79 deep trolls
  A kraken simulacrum (Shoals:4)
  4 glowing orange brains
  2 orange crystal statues
  An infernal demonspawn (D:13)
  A shadow demon (Zot:2)
  A phantasmal warrior (Vaults:2)
  13 deep elf archers
  6 flayed ghosts
  5 lindwurms
  27 deep elf zephyrmancers
  31 harpies
  7 wizards
  11 necromancers
  16 mana vipers
  A human zombie (Vaults:1)
  8 orc knights
  27 deep elf pyromancers
  16 fauns
  A salamander (shapeshifter) (D:15)
  34 ugly things
  14 cyclopes
  5 orc sorcerers
  2 frost giant zombies (Vaults:1)
  21 manticores
  A wolf spider (D:14)
  8 shining eyes
  A spectral fire dragon (D:15)
  16 elephants
  24 salamanders
  22 moths of wrath
  An ice statue (IceCv)
  2 rust devils
  38 black mambas
  An elephant (shapeshifter) (Vaults:4)
  15 merfolk sirens
  2 eyes of devastation (Slime:5)
  19 naga magi
  10 water nymphs
  A gargoyle (D:11)
  6 guardian serpents
  9 vault sentinels
  A torpor snail (Lair:3)
  Maggie (D:7)
  2 orange demons
  4 unseen horrors (Depths:5)
  9 cane toads
  4 ice devils
  A yaktaur (shapeshifter) (Elf:3)
  4 kobold demonologists
  2 freezing wraiths
  Psyche (D:10)
  9 rime drakes
  2 hellwings (D:7)
  7 komodo dragons
  27 yaktaurs
  4 spectral merfolk (Shoals:2)
  5 tengu conjurers
  A wind drake (shapeshifter) (Elf:2)
  8 wind drakes
  A red devil (Depths:3)
  4 trolls
  16 polar bears
  23 merfolk
  Grinder (D:3)
  A tengu simulacrum (D:15)
  12 blink frogs
  8 hornets
  A meliai zombie (D:10)
  89 slime creatures
  19 dream sheep
  A spectral wind drake (Shoals:2)
  16 snapping turtles
  3 air elementals
  6 shadows
  6 vampires
  2 wyverns
  12 humans
  5 basilisks
  A tarantella (shapeshifter) (D:14)
  4 spriggans
  25 water elementals
  2 wraiths
  47 yaks
  9 vampire mosquitoes
  8 golden eyes
  2 steam dragons
  3 fire elementals
  5 hogs (D:14)
  6 chaos spawn
  A sea snake simulacrum (Shoals:2)
  A yaktaur simulacrum (Vaults:1)
  A hog (shapeshifter) (Depths:2)
  4 wargs
  59 nagas
  18 water moccasins
  5 two-headed ogre zombies (WizLab)
  2 hell hounds (D:13)
  5 large abominations
  21 orc warriors
  An orc zombie (Vaults:1)
  5 black bears
  A deep troll simulacrum (Vaults:1)
  8 ogres
  25 wolves
  11 centaurs
  A wind drake simulacrum (Shoals:2)
  A phantom (D:6)
  6 kobold brigands
  Blork the orc (D:5)
  2 earth elementals
  10 bullfrogs
  A glowing shapeshifter simulacrum (D:15)
  2 scorpions
  A water moccasin zombie (D:7)
  3 small abominations (Depths:5)
  10 troll zombies (WizLab)
  2 merfolk simulacra (Shoals:2)
  9 killer bees (D:9)
  2 snapping turtle simulacra (Shoals:2)
  10 wights
  3 howler monkeys (D:7)
  3 centaur zombies
  A hound (D:5)
  4 jellies
  11 orc priests
  Crazy Yiuf (D:2)
  3 centaur skeletons (D:7)
  Jessica (D:3)
  3 iguanas
  14 orc wizards
  8 hell rats
  3 ogre zombies (WizLab)
  2 howler monkey zombies
  2 howler monkey skeletons
  4 adders
  A shadow imp (D:8)
  A white imp (Vaults:1)
  3 ufetubi
  3 worms
  45 orcs
  2 endoplasms
  5 giant cockroaches
  8 goblins
  9 hobgoblins
  3 jackals
  25 kobolds
  A quokka (shapeshifter) (Depths:2)
  3 quokkas
  3 ball pythons
  6 bats
  2 frilled lizards
  12 rats
  17 fire vortices
  6 foxfires
  2 fulminant prisms
  A tentacle (Shoals:4)
2286 creatures vanquished.

Vanquished Creatures (collateral kills)
  A golden dragon (Zot:5)
  A tengu reaver (Depths:2)
  A draconian knight (Zot:2)
  A red draconian (Zot:5)
  A naga sharpshooter (Snake:4)
  A naga ritualist (Snake:2)
  A moth of wrath (Zot:2)
  A floating eye (Depths:4)
  6 foxfires
14 creatures vanquished.

Vanquished Creatures (others)
  A fire giant (Depths:3)
  A purple draconian (Zot:3)
  A naga warrior (Snake:3)
  2 naga sharpshooters (Snake:4)
  A black mamba (Snake:4)
  A bush (Lair:2)
  3 demonic plants (D:12)
  232 fire vortices
  1191 foxfires
  497 fulminant prisms
  54 fungi
  129 plants
  3 tentacles (Shoals:4)
  2 withered plants (Lair:6)
2118 creatures vanquished.

Grand Total: 4418 creatures vanquished

Notes
Turn   | Place    | Note
-------+----------+-------------------------------------------
     0 | D:1      | Torax the Djinni Conjurer began the quest for the Orb.
     0 | D:1      | Reached XP level 1. HP: 15/15 MP: 0/0
   424 | D:1      | Reached XP level 2. HP: 19/21 MP: 0/0
  1223 | D:2      | Reached XP level 3. HP: 19/25 MP: 0/0
  1223 | D:2      | Learned a level 1 spell: Foxfire
  1305 | D:2      | Reached skill level 4 in Spellcasting
  1395 | D:2      | You are sucked into a shaft and drop 1 floor!
  1401 | D:3      | Found a sacrificial altar of Ru.
  1408 | D:3      | Became a worshipper of Ru the Awakened
  1551 | D:3      | Noticed Grinder
  1573 | D:3      | Killed Grinder
  1574 | D:3      | Reached skill level 5 in Spellcasting
  1574 | D:3      | Reached XP level 4. HP: 23/31 MP: 0/0
  1574 | D:3      | Reached XP level 5. HP: 26/35 MP: 0/0
  1574 | D:3      | Learned a level 2 spell: Wereblood
  1574 | D:3      | Reached XP level 6. HP: 30/40 MP: 0/0
  1688 | D:3      | Found a broken altar of Ashenzari.
  1732 | D:2      | Found Hyerch's Antique Armour Shoppe.
  2056 | D:2      | Found a runed translucent door.
  2057 | D:2      | Noticed Crazy Yiuf
  2382 | D:2      | Found a faded altar of an unknown god.
  2597 | D:2      | Killed Crazy Yiuf
  2808 | D:3      | Noticed Jessica
  2822 | D:3      | Killed Jessica
  3076 | D:3      | Found Ydeoset's Book Emporium.
  3529 | D:4      | Found Roelies's Assorted Antiques.
  3573 | D:4      | Bought a scroll labelled VEANWU KUTUGU for 32 gold pieces
  3573 | D:4      | Bought a scroll labelled CUCOL BU CEUTE for 32 gold pieces
  3573 | D:4      | Bought a scroll labelled KEXTOA VAROSO for 32 gold pieces
  3689 | D:4      | Reached skill level 6 in Spellcasting
  3689 | D:4      | Reached XP level 7. HP: 39/45 MP: 0/0
  3689 | D:4      | Learned a level 2 spell: Static Discharge
  3822 | D:4      | HP: 9/45 [centaur (6)]
  5161 | D:4      | Torax: ??sac skill
  5161 | D:4      | beem: sacrifice skill[1/1]: Lowers all aptitudes by 1,
                  | current skills are also affected retroactively. Worth ~35
                  | piety.
  5161 | D:4      | Gained mutation: You are somewhat unskilled. (-1 Apt) [Ru
                  | sacrifice]
  5161 | D:4      | Reached * piety under Ru
  5375 | D:5      | Entered Level 5 of the Dungeon
  5550 | D:5      | Found a glowing drain.
  5568 | Sewer    | Entered a sewer
  5737 | Sewer    | Reached XP level 8. HP: 37/50 MP: 0/0
  5831 | Sewer    | Found a white marble altar of Elyvilon.
  6485 | D:5      | Reached skill level 7 in Spellcasting
  6922 | D:5      | Noticed Blork the orc
  6932 | D:5      | Killed Blork the orc
  7663 | D:6      | Reached XP level 9. HP: 51/55 MP: 0/0
  7663 | D:6      | Learned a level 4 spell: Leda's Liquefaction
  7772 | D:6      | Reached skill level 8 in Spellcasting
  7898 | D:6      | Found a hide-covered altar of Uskayaw.
  9024 | D:7      | Noticed Maggie
  9032 | D:7      | Killed Maggie
  9033 | D:7      | Reached skill level 9 in Spellcasting
  9289 | D:7      | Gained mutation: You cannot train Armour skill. [Ru
                  | sacrifice]
  9289 | D:7      | Reached ** piety under Ru
  9511 | D:7      | Noticed a two-headed ogre
  9517 | D:7      | Killed a two-headed ogre
  9518 | D:7      | Reached skill level 10 in Spellcasting
  9518 | D:7      | Reached XP level 10. HP: 53/60 MP: 0/0
 10244 | D:7      | Found a staircase to the Ecumenical Temple.
 10254 | Temple   | Entered the Ecumenical Temple
 10331 | D:8      | Noticed a two-headed ogre
 10338 | D:8      | Killed a two-headed ogre
 10500 | D:8      | Found a white marble altar of Elyvilon.
 10691 | D:8      | Found an ornate altar of the Wu Jian Council.
 10865 | D:8      | Found a staircase to the Lair.
 11279 | D:9      | Reached skill level 11 in Spellcasting
 11687 | D:9      | Reached skill level 1 in Fighting
 11687 | D:9      | Reached skill level 1 in Evocations
 11715 | D:9      | Found a glowing golden altar of the Shining One.
 11730 | D:9      | Gained mutation: You are clumsy. (Dex -2) [Ru sacrifice]
 11730 | D:9      | Reached *** piety under Ru
 12090 | D:10     | Entered Level 10 of the Dungeon
 12158 | D:10     | Reached skill level 2 in Fighting
 12158 | D:10     | Reached skill level 2 in Evocations
 12158 | D:10     | Reached XP level 11. HP: 38/68 MP: 0/0
 12158 | D:10     | Learned a level 4 spell: Cause Fear
 12326 | D:10     | Noticed a two-headed ogre
 12354 | D:10     | Killed a two-headed ogre
 12390 | D:10     | Reached skill level 3 in Fighting
 12390 | D:10     | Reached skill level 3 in Evocations
 12708 | D:10     | Identified the +2 helmet "Hecret" {Dex+3}
 12828 | D:10     | Noticed Psyche
 12837 | D:10     | Killed Psyche
 13274 | D:10     | Noticed Nergalle
 13288 | D:10     | Killed Nergalle
 13435 | D:10     | Reached skill level 4 in Fighting
 13435 | D:10     | Reached skill level 4 in Evocations
 13567 | D:10     | Found a shimmering altar of Xom.
 13568 | D:10     | Found a hazy altar of Hepliaklqana.
 13799 | Lair:1   | Entered Level 1 of the Lair of Beasts
 13799 | Lair:1   | Noticed an eight-headed hydra
 13810 | Lair:1   | Killed an eight-headed hydra
 14019 | Lair:1   | Identified the +7 flail of Dithmenos {freeze, Will+}
 14101 | Lair:1   | Noticed a four-headed hydra
 14106 | Lair:1   | Killed a four-headed hydra
 14215 | Lair:1   | Reached skill level 5 in Fighting
 14215 | Lair:1   | Reached skill level 5 in Evocations
 14465 | Lair:1   | Reached XP level 12. HP: 61/81 MP: 0/0
 15517 | Lair:2   | Reached skill level 6 in Fighting
 15520 | Lair:2   | Reached skill level 6 in Evocations
 16024 | Lair:2   | Reached skill level 12 in Spellcasting
 16214 | Lair:2   | Identified the +0 spear of the Establishment {drain, rPois
                  | Str+3 Dex+3}
 16535 | Lair:2   | Gained mutation: You cannot be stealthy. [Ru sacrifice]
 16535 | Lair:2   | Reduced skill Stealth to level 0
 16874 | Lair:3   | Noticed a catoblepas
 16888 | Lair:3   | Killed a catoblepas
 16889 | Lair:3   | Reached skill level 7 in Fighting
 16889 | Lair:3   | Reached skill level 7 in Evocations
 17184 | Lair:3   | Noticed a death yak
 17184 | Lair:3   | Noticed a death yak
 17193 | Lair:3   | Killed a death yak
 17200 | Lair:3   | Killed a death yak
 17201 | Lair:3   | Reached XP level 13. HP: 63/90 MP: 0/0
 17201 | Lair:3   | Learned a level 5 spell: Iskenderun's Battlesphere
 17603 | Lair:3   | Reached skill level 8 in Fighting
 17603 | Lair:3   | Reached skill level 8 in Evocations
 18453 | Lair:3   | Found a runed translucent door.
 18793 | Lair:3   | Noticed a four-headed hydra
 18844 | Lair:3   | Killed a four-headed hydra
 18902 | Lair:3   | Identified the Collected Works on Displaced Contamination
 18967 | Lair:4   | Noticed a boulder beetle
 18972 | Lair:4   | Killed a boulder beetle
 19029 | Lair:4   | Reached skill level 9 in Fighting
 19029 | Lair:4   | Reached skill level 9 in Evocations
 19048 | Lair:4   | Noticed a boulder beetle
 19057 | Lair:4   | Killed a boulder beetle
 19630 | Lair:4   | Found a staircase to the Snake Pit.
 19673 | Lair:4   | Found a staircase to the Shoals.
 19879 | Lair:5   | Gained mutation: You are weak. (Str -2) [Ru sacrifice]
 19879 | Lair:5   | Reached **** piety under Ru
 19890 | Lair:5   | Reached XP level 14. HP: 73/101 MP: 0/0
 20417 | Lair:5   | Found a viscous altar of Jiyva.
 20417 | Lair:5   | Found a staircase to the Slime Pits.
 20485 | Lair:6   | Entered Level 6 of the Lair of Beasts
 20522 | Lair:6   | Reached skill level 13 in Spellcasting
 20544 | Lair:6   | Reached skill level 1 in Shields
 20651 | Lair:6   | Reached skill level 2 in Shields
 20688 | Lair:6   | Reached skill level 10 in Fighting
 20701 | Lair:6   | Reached skill level 3 in Shields
 20873 | Lair:6   | Reached skill level 4 in Shields
 21207 | D:2      | Bought a runed cloak for 202 gold pieces
 21501 | Lair:6   | Reached skill level 11 in Fighting
 21652 | Lair:6   | Noticed Nessos
 21660 | Lair:6   | Killed Nessos
 21718 | Lair:6   | Found a runed translucent door.
 22585 | Lair:6   | Noticed PejaSLU's ghost (journeyman MiBe)
 22592 | Lair:6   | Gained mutation: You have somewhat slow reflexes. (EV -5)
                  | [Ru sacrifice]
 22592 | Lair:6   | Reached ***** piety under Ru
 22617 | Lair:6   | Killed PejaSLU's ghost
 22819 | D:11     | Noticed fly's ghost (journeyman OpIE)
 22822 | D:11     | Found a transporter.
 22822 | D:11     | Found a transporter.
 22967 | D:11     | Found a frozen archway.
 22975 | IceCv    | Entered an ice cave
 23003 | IceCv    | Reached skill level 12 in Fighting
 23128 | IceCv    | Reached XP level 15. HP: 106/112 MP: 0/0
 23128 | IceCv    | Learned a level 6 spell: Invisibility
 23471 | IceCv    | Reached skill level 3 in Dodging
 23521 | IceCv    | Noticed a frost giant
 23543 | IceCv    | Killed a frost giant
 23544 | IceCv    | Reached skill level 4 in Dodging
 23631 | IceCv    | Identified the +1 chain mail "Tettyt" {rCorr}
 23776 | D:11     | Reached skill level 13 in Fighting
 23806 | D:11     | Reached skill level 5 in Dodging
 24162 | D:11     | Reached skill level 6 in Dodging
 24316 | D:11     | Found a runed translucent door.
 24335 | D:11     | Found a runed translucent door.
 24350 | D:11     | Found a runed translucent door.
 24362 | D:11     | Found a runed translucent door.
 24379 | D:11     | Found a staircase to the Orcish Mines.
 24452 | D:11     | You are sucked into a shaft and drop 3 floors!
 24458 | D:13     | Found Vull's Changing Room.
 24523 | D:13     | Reached skill level 7 in Dodging
 24612 | D:13     | Noticed Azrael
 24617 | D:13     | Killed Azrael
 25174 | D:11     | Reached skill level 8 in Dodging
 25249 | D:12     | Torax: ??*****
 25249 | D:12     | beem: *****[1/1]: 120-159 piety
 25249 | D:12     | Torax: ??apoc
 25249 | D:12     | beem: I don't have a page labeled apoc in my learndb.
 25249 | D:12     | Torax: ??apocalypse
 25249 | D:12     | beem: apocalypse[1/3]: Ru's 5* ability. Deals heavy damage
                  | to all enemies in LOS and can add statuses like mute,
                  | paralysis, and slow. Costs about 1.5 to 2 skill levels of
                  | drain. Very loud.
 25249 | D:12     | Torax: ??apocalypse[2
 25249 | D:12     | beem: apocalypse[2/3]: Number of dice is 4 (+mute or
                  | paralysis) or 6 (+slow) or 8. Size of each die is 16.0 at
                  | min piety and 21.0 at max piety. Die size is also scaled by
                  | XL, ranging from 2/3rds damage at XL1 to 100% damage at
                  | XL27. 10 is added to the damage after it's rolled and
                  | scaled.
 25249 | D:12     | Torax: ??apocalypse[3
 25249 | D:12     | beem: apocalypserobin[1/2]: !lg apocalypserobin 11 -tv:<0.1>
                  | ERROR: string above had unterminated tag
 25485 | D:12     | Found a corrupted altar of Lugonu.
 25509 | D:12     | Reached skill level 9 in Dodging
 25522 | D:12     | Reached XP level 16. HP: 111/121 MP: 0/0
 25543 | D:12     | Found an iron altar of Okawaru.
 25756 | Orc:1    | Entered Level 1 of the Orcish Mines
 25941 | Orc:2    | Entered Level 2 of the Orcish Mines
 26275 | Orc:2    | Found a staircase to the Elven Halls.
 26426 | Orc:2    | Found Utysh's Armour Emporium.
 26426 | Orc:2    | Found Yffi's Armour Shop.
 26445 | Orc:2    | Found Pymneima's Book Emporium.
 26445 | Orc:2    | Found Raomor's Magic Scroll Shop.
 26461 | Orc:2    | Bought a +1 buckler of cold resistance for 214 gold pieces
 27479 | D:14     | Noticed Kirke
 27482 | D:14     | Killed Kirke
 27483 | D:14     | Reached skill level 14 in Spellcasting
 27775 | D:14     | You are sucked into a shaft and drop 1 floor!
 27775 | D:15     | Entered Level 15 of the Dungeon
 27902 | D:15     | Found Xiohoe's Book Boutique.
 28029 | D:15     | Found a transporter.
 28042 | D:15     | Noticed Torax's ghost (journeyman DjIE)
 28043 | D:15     | Found a transporter.
 28058 | D:15     | Found Lihawaa's Armour Emporium.
 28140 | D:15     | Found Fycromm's Assorted Antiques.
 28173 | D:15     | Found Xaed's Jewellery Shoppe.
 28238 | D:15     | Found a staircase to the Depths.
 28644 | D:14     | Found a gate to the Vaults.
 28802 | D:11     | Killed fly's ghost
 28999 | Snake:1  | Entered Level 1 of the Snake Pit
 29005 | Snake:1  | Reached XP level 17. HP: 118/121 MP: 0/0
 29005 | Snake:1  | Learned a level 7 spell: Spellforged Servitor
 29103 | Snake:1  | Reached skill level 15 in Spellcasting
 29111 | Snake:1  | Found Suciru's Distillery.
 29113 | Snake:1  | Found Munk's Antique Weapon Boutique.
 29124 | Snake:1  | Bought a faintly glowing hunting sling for 195 gold pieces
 29124 | Snake:1  | Identified the +4 hunting sling of Etaofur {flame, rElec
                  | Will- rCorr Dex-5} (You bought it in a shop on level 1 of
                  | the Snake Pit)
 29584 | Snake:1  | Bought a potion of heal wounds for 80 gold pieces
 29584 | Snake:1  | Bought a potion of heal wounds for 80 gold pieces
 29584 | Snake:1  | Bought a potion of mutation for 128 gold pieces
 29584 | Snake:1  | Bought 2 potions of heal wounds for 160 gold pieces
 29584 | Snake:1  | Bought a potion of haste for 160 gold pieces
 29584 | Snake:1  | Gained mutation: You are covered in fur. (AC +1) [potion of
                  | mutation]
 29584 | Snake:1  | Gained mutation: You are somewhat resistant to further
                  | mutation. [potion of mutation]
 29867 | Snake:1  | HP: 25/126 [naga warrior/+2 trident of freezing (43)]
 29867 | Snake:1  | HP: 3/126 [naga warrior/+2 trident of freezing (22)]
 30027 | Snake:2  | Identified the +0 chain mail of Lethargy {rElec rN+++
                  | Int+4}
 30138 | Snake:2  | Found a runed translucent door.
 30139 | Snake:2  | Noticed Fama's ghost (adept TeCj)
 30589 | Snake:2  | Reached skill level 16 in Spellcasting
 30820 | Snake:2  | Found Yddao's Jewellery Shop.
 30821 | Snake:2  | Found Caubluij's Book Shoppe.
 30822 | Snake:2  | Found Runaigam's Jewellery Shop.
 31375 | Snake:2  | Killed Fama's ghost
 31409 | Snake:3  | Identified a scroll of acquirement
 31509 | Snake:3  | Reached XP level 18. HP: 132/132 MP: 0/0
 31534 | Snake:3  | Found a flickering gateway to a bazaar.
 31539 | Bazaar   | Entered a bazaar
 31553 | Bazaar   | Found Ebreruwk's Weapon Shoppe.
 31553 | Bazaar   | Found Rarir's Antique Weapon Emporium.
 31575 | Bazaar   | Found Rota's Assorted Antiques.
 31591 | Bazaar   | Found Maalez's Magic Scroll Emporium.
 31635 | Bazaar   | Bought a scroll of magic mapping for 38 gold pieces
 31635 | Bazaar   | Bought a scroll of fog for 22 gold pieces
 31635 | Bazaar   | Bought a scroll of fog for 22 gold pieces
 31690 | Bazaar   | Bought a heavily jewelled robe for 142 gold pieces
 31690 | Bazaar   | Identified the +1 robe "Dumotiy" {rElec rCorr Int-3 Stlth+}
                  | (You bought it in a shop in a bazaar)
 31690 | Bazaar   | Bought a sapphire hunting sling for 162 gold pieces
 31690 | Bazaar   | Identified the +5 hunting sling of Etzed {venom, rPois rF+
                  | rC+ Int-2} (You bought it in a shop in a bazaar)
 31690 | Bazaar   | Bought a potion of heal wounds for 125 gold pieces
 32490 | Snake:3  | Acquired 1155 gold pieces
 32737 | Snake:4  | Entered Level 4 of the Snake Pit
 32893 | Snake:4  | Reached skill level 17 in Spellcasting
 33221 | Snake:4  | Reached skill level 10 in Evocations
 33310 | Snake:4  | Noticed Vashnia
 33573 | Shoals:1 | Entered Level 1 of the Shoals
 33580 | Shoals:1 | Reached skill level 10 in Dodging
 33784 | Shoals:1 | HP: 22/118 [faun/stone (18)]
 33785 | Shoals:1 | HP: 4/118 [faun/stone (11)]
 33960 | Shoals:1 | Reached XP level 19. HP: 121/130 MP: 0/0
 33960 | Shoals:1 | Learned a level 6 spell: Death Channel
 34199 | Shoals:1 | Noticed Nikola
 34229 | Shoals:1 | Killed Nikola
 34817 | Shoals:1 | Torax: ??regen
 34817 | Shoals:1 | beem: regeneration[1/8]: Increases the rate at which you
                  | regain HP per turn. Regeneration doesn't work when you're
                  | {sick}; instead it makes Sickness disappear faster.
 34817 | Shoals:1 | Torax: ??Regen+
 34817 | Shoals:1 | beem: Regen+ ~ regen ~ regeneration[1/8]: Increases the
                  | rate at which you regain HP per turn. Regeneration doesn't
                  | work when you're {sick}; instead it makes Sickness
                  | disappear faster.
 34817 | Shoals:1 | Torax: ??regen[2
 34817 | Shoals:1 | beem: regeneration[2/8]: The base regeneration rate is your
                  | maximum hitpoints / 3. If this number is over 20, then
                  | divide the result by two and add ten. For example, 100 max
                  | health results in a regen rate of 26. RR accumulates every
                  | turn and for every 100 RR you gain, you regenerate 1 hp.
                  | For 1 hp per turn, 540 health is needed. For 1 hp per 2
                  | turns, 240.
 34817 | Shoals:1 | Torax: ??regen[3
 34817 | Shoals:1 | Torax: ??regen[4
 34817 | Shoals:1 | beem: regeneration[3/8]: An amulet or troll leather armour
                  | adds 40 to your rr, player mutation 20 per level, and the
                  | status effect (spell) 100. What this means is that an
                  | amulet of regen or troll leather armour effectively doubles
                  | your healing rate (or better) for most characters.
 34817 | Shoals:1 | beem: regeneration[4/8]: The regeneration mutations
                  | conflict with slow metabolism, but do not otherwise affect
                  | your nutrition.
 34817 | Shoals:1 | Torax: ??rr
 34817 | Shoals:1 | beem: regeneration[2/8]: The base regeneration rate is your
                  | maximum hitpoints / 3. If this number is over 20, then
                  | divide the result by two and add ten. For example, 100 max
                  | health results in a regen rate of 26. RR accumulates every
                  | turn and for every 100 RR you gain, you regenerate 1 hp.
                  | For 1 hp per turn, 540 health is needed. For 1 hp per 2
                  | turns, 240.
 34827 | Shoals:1 | Acquired the +5 helmet of the Catamount {Fly Regen+ rCorr
                  | Dex-5}
 35130 | Shoals:2 | Found a runed translucent gate.
 35130 | Shoals:2 | Found a runed translucent gate.
 35130 | Shoals:2 | Found a runed translucent gate.
 35131 | Shoals:2 | Noticed Zogoutz's ghost (adept MiFi)
 35393 | Shoals:2 | Reached skill level 14 in Fighting
 35727 | Shoals:2 | Killed Zogoutz's ghost
 35760 | Shoals:2 | Identified the ring of Ulelel {Str+6 Dex+3}
 36704 | Snake:4  | Gained mutation: You take slightly more damage. (AC -5) [Ru
                  | sacrifice]
 36704 | Snake:4  | Reached ****** piety under Ru
 36707 | Snake:4  | Reached XP level 20. HP: 96/137 MP: 0/0
 36711 | Snake:4  | Killed Vashnia
 36730 | Snake:4  | Reached skill level 15 in Fighting
 36811 | Snake:4  | Reached skill level 18 in Spellcasting
 37253 | Snake:4  | Got a serpentine rune of Zot
 37764 | Vaults:1 | Entered Level 1 of the Vaults
 38142 | Vaults:1 | Reached skill level 16 in Fighting
 38770 | Vaults:1 | Reached XP level 21. HP: 135/157 MP: 0/0
 38770 | Vaults:1 | Learned a level 8 spell: Chain Lightning
 39251 | Vaults:2 | Found a staircase to the Crypt.
 39619 | Vaults:2 | Noticed Mara
 39624 | Vaults:2 | Noticed Torax's illusion
 39625 | Vaults:2 | Killed Mara
 39989 | Vaults:2 | Found a gateway to a bazaar.
 39995 | Bazaar   | Entered a bazaar
 39995 | Bazaar   | Found Vufiz's Assorted Antiques.
 39995 | Bazaar   | Found Ygretz's Antique Armour Shoppe.
 39995 | Bazaar   | Found Raessu's Book Shop.
 39997 | Bazaar   | Found Leph's Assorted Antiques.
 40049 | Bazaar   | Bought a potion of heal wounds for 100 gold pieces
 40049 | Bazaar   | Bought a scroll of summoning for 190 gold pieces
 40402 | Vaults:2 | Reached skill level 17 in Fighting
 40740 | Vaults:3 | Reached skill level 19 in Spellcasting
 40792 | Vaults:3 | Reached skill level 11 in Evocations
 40950 | Vaults:3 | Reached XP level 22. HP: 148/166 MP: 0/0
 41084 | Vaults:3 | Identified the +0 leather armour "Pybriasmi" {rC+ Str+7
                  | Stlth+}
 41143 | Vaults:3 | Reached skill level 12 in Evocations
 41764 | Vaults:3 | Torax: ??chain lightnign
 41764 | Vaults:3 | beem: chain lightnign ~ chain lightning[1/2]: Level 8
                  | conj/air in Annihilations that arcs from target to target
                  | (including leaving your sight, going around corners, etc)
                  | until it grounds out. You do not aim it. Due to its chainy
                  | nature, be prepared for it to hit you and your allies,
                  | possibly repeatedly. The arcs, including the initial
                  | casting, work most reliably on shorter distances.
 41845 | Vaults:4 | Reached skill level 13 in Evocations
 42216 | Vaults:4 | Identified the +1 ring mail of Tasac {Dex+5}
 42552 | Vaults:4 | Noticed Saint Roka
 42554 | Vaults:4 | Killed Saint Roka
 42558 | Vaults:4 | Reached skill level 14 in Evocations
 42705 | Vaults:4 | Found a runed translucent gate.
 42707 | Vaults:4 | Found a runed translucent gate.
 42708 | Vaults:4 | Found a runed translucent gate.
 42709 | Vaults:4 | Noticed Yxzax's ghost (veteran GrEE)
 42882 | Vaults:4 | Killed Yxzax's ghost
 42943 | Vaults:4 | Identified the amulet "Zakkikk" {Acrobat Dex+4}
 43946 | Shoals:4 | Entered Level 4 of the Shoals
 44112 | Shoals:4 | Reached skill level 15 in Evocations
 44156 | Shoals:4 | Reached XP level 23. HP: 125/172 MP: 0/0
 44156 | Shoals:4 | Learned a level 7 spell: Dragon Form
 44626 | Shoals:4 | Noticed Ilsuiw
 44628 | Shoals:4 | Killed Ilsuiw
 45070 | Shoals:4 | Got a barnacled rune of Zot
 45206 | Shoals:4 | Identified the +6 fustibalus of Urelaime {speed, *Slow rN+
                  | Will+ Str+3}
 45236 | Shoals:4 | Identified the +2 scale mail "Baon" {-Tele rCorr Int+2}
 45574 | Depths:1 | Entered Level 1 of the Depths
 45697 | D:15     | Killed Torax's ghost
 45944 | Depths:1 | Found a gateway to Hell.
 45974 | Depths:1 | Reached skill level 5 in Shields
 46224 | Depths:1 | Found Wucs's Island Escapes.
 46229 | Depths:1 | Bought a scroll of blinking for 90 gold pieces
 46229 | Depths:1 | Bought a scroll of fog for 24 gold pieces
 46229 | Depths:1 | Bought a wand of digging (5) for 216 gold pieces
 46265 | Depths:1 | Found a one-way gate leading to the halls of Pandemonium.
 46455 | Depths:1 | Found a one-way gate to the infinite horrors of the Abyss.
 46517 | Depths:1 | Found a portal to a secret trove of treasure.
 46841 | Slime:1  | Entered Level 1 of the Pits of Slime
 47095 | Slime:2  | Reached skill level 6 in Shields
 47329 | Slime:2  | Torax: @??royal jelly
 47329 | Slime:2  | beem: Royal Jelly (J)
                  | Spd:
    14 | HD: 21   | HP: 193-264
                  | | AC/EV: 8/4
                  | Dam: 50(acid:4d3), 30(acid:4d3)
                  | eats doors,
                  | see invisible
                  | Res: will(180), poison, acid+++, blind
                  | | Vul: silver
                  | XP:
 14287 | Sz: Large | Int: brainless.
 47334 | Slime:3  | Reached XP level 24. HP: 163/179 MP: 0/0
 47608 | Slime:2  | Reached skill level 7 in Shields
 48002 | Slime:4  | Reached skill level 20 in Spellcasting
 48003 | Slime:4  | Reached skill level 8 in Shields
 48414 | Slime:5  | Entered Level 5 of the Pits of Slime
 48484 | Slime:5  | Reached skill level 9 in Shields
 48547 | Slime:5  | Noticed the Royal Jelly
 48550 | Slime:5  | Killed the Royal Jelly
 48601 | Slime:5  | Found the +7 great mace "Undeadhunter" {disrupt, rN+}
 48665 | Slime:5  | Got a slimy rune of Zot
 48847 | Slime:5  | Identified the +10 plate armour "Huighami" {rPois rF+
                  | Str+2}
 48886 | Slime:5  | Identified the +8 great mace "Setoaf" {vorpal, +Blink Str+3
                  | Dex+2}
 48891 | Slime:5  | Torax: ??staff damage
 48891 | Slime:5  | beem: magical staff[2/3]: Magical staves have a (2*evoc +
                  | magic skill)/30 chance of getting random2(1.25*(magic skill
                  | + evoc/2)) extra elemental damage (for earth this is
                  | increased by 1/3). This damage ignores AC, checking the
                  | appropriate resistance instead, except for conjurations,
                  | which checks AC, and earth, which checks AC three times.
 49206 | Elf:1    | Entered Level 1 of the Elven Halls
 49220 | Elf:1    | Reached skill level 10 in Shields
 49224 | Elf:1    | Reached skill level 1 in Staves
 49446 | Hell     | Entered the Vestibule of Hell
 49446 | Hell     | Noticed Geryon
 49451 | Hell     | Killed Geryon
 49452 | Hell     | Reached skill level 2 in Staves
 49452 | Hell     | Reached XP level 25. HP: 92/184 MP: 0/0
 49452 | Hell     | Learned a level 8 spell: Disjunction
 49454 | Hell     | HP: 46/184 [ice devil (7)]
 49456 | Depths:1 | HP: 21/184 [chain lightning (7)]
 49728 | Elf:1    | Found a magical portal.
 49748 | WizLab   | Entered Zonguldrok's Shrine
 49754 | WizLab   | Torax: ??zonguldrok's shrine
 49754 | WizLab   | beem: zonguldrok's shrine[1/1]: Boring zombies and
                  | skeletons slowly replace all of the gravestones over time:
                  | once they're all gone, pass through the new door and a few
                  | skeletal warriors to find Zonguldrok's tombstone, which
                  | then is replaced with an {antique lich} when you go for the
                  | loot.
 50077 | WizLab   | Noticed an antique lich
 50080 | WizLab   | Killed an antique lich
 50081 | WizLab   | Reached skill level 3 in Staves
 50111 | WizLab   | Found the +9 sword of Zonguldrok {reap}
 50741 | Elf:1    | Reached skill level 4 in Staves
 51083 | Elf:2    | Identified Roxanne's Incunabulum of Transformation
 51083 | Elf:2    | Noticed Roxanne
 51129 | Elf:2    | Reached skill level 11 in Shields
 51272 | Elf:2    | Found a runed translucent gate.
 51272 | Elf:2    | Found a runed translucent gate.
 51321 | Elf:2    | Killed Roxanne
 51548 | Elf:2    | Reached skill level 5 in Staves
 51630 | Elf:2    | Found a runed translucent gate.
 51909 | Elf:3    | Entered Level 3 of the Elven Halls
 51911 | Elf:3    | Noticed Aizul
 51914 | Elf:3    | Killed Aizul
 51962 | Elf:3    | Found Edil's Antique Weapon Emporium.
 52446 | Elf:3    | Reached skill level 6 in Staves
 52523 | Elf:3    | Identified the +6 double sword of Kikkal {vorpal, Dex+3}
 52528 | Elf:3    | Reached skill level 12 in Shields
 52528 | Elf:3    | Reached XP level 26. HP: 129/191 MP: 0/0
 52581 | Elf:3    | Identified the ring "Fuos" {rC- rN+ Int+3 Slay+2}
 52627 | Elf:3    | Identified the ring of the Death Scarab {rC++ rN+ SInv}
 52676 | Elf:3    | Identified the +0 cloak of Caogueh {rF+}
 52727 | Elf:3    | Identified the +8 war axe of Optimality {freeze, *Corrode
                  | Dex+4 Stlth+}
 52767 | Elf:3    | Identified the +4 leather armour "Qipsod" {+Blink}
 53349 | D:2      | Bought a runed kite shield for 202 gold pieces
 53711 | Depths:1 | You showed the slimy rune of Zot to enter a treasure trove
 53712 | Trove    | Entered a treasure trove
 53716 | Trove    | Found the ring of the Octopus King
 53723 | Trove    | Identified the ring "Cucvam" {rF+ Will+ Str-5 Int+10
                  | Stlth+}
 53725 | Trove    | Identified the amulet "Sitokit" {Reflect Harm SH+5}
 53726 | Trove    | Identified a ring of the Octopus King {Wiz AC+1 EV+1 Str+1
                  | Int+1 Dex+1}
 53729 | Trove    | Identified the ring "Tiskasouha" {Fly Str+3 Int+3}
 53731 | Trove    | Identified the ring of Ytwaxed {rCorr Str+6 Int+4 Dex-5
                  | Slay+2}
 53732 | Trove    | Identified the ring "Behaurr" {Contam rElec rF+++ Str+6
                  | Int-3}
 53733 | Trove    | Identified the ring of Hiocymeb {Ice Drain rElec Will+++
                  | Int+4}
 53736 | Trove    | Identified the ring "Joun" {Fly Dex+5 SInv Stlth+}
 53858 | Depths:2 | Noticed Louise
 53859 | Depths:2 | Killed Louise
 53954 | Depths:2 | Reached skill level 21 in Spellcasting
 53957 | Depths:2 | Reached skill level 11 in Dodging
 54130 | Depths:2 | Torax: *??ancient lich
 54130 | Depths:2 | beem: ancient lich (L)
                  | Spd:
    10 | HD: 27   | HP: 90-124
                  | | AC/EV: 20/10
                  | Dam: 20(drain)
                  | undead, doors, evil,
                  | spellcaster, see invisible, unbreathing
                  | Res:
                  | will(invuln), fire, cold++, elec, poison+++, drown, miasma,
                  | neg+++, torm
                  | Vul: holy
                  | XP: 8673
                  | Sp: b.corrosive
                  | (3d28), crystal spear (3d48), haste, petrify, invisibility
                  | | Sz: Medium
                  | Int: human.
 54454 | Depths:2 | Found Nyutryq's Weapon Shop.
 54468 | Depths:2 | Reached skill level 13 in Shields
 54689 | Depths:2 | Reached XP level 27. HP: 175/197 MP: 0/0
 54689 | Depths:2 | Learned a level 9 spell: Fire Storm
 54763 | Depths:2 | Reached skill level 12 in Dodging
 55265 | Depths:2 | Identified the +5 hunting sling of Tabeh {vorpal, rN+
                  | Dex+3}
 55723 | Depths:3 | Reached skill level 18 in Fighting
 56322 | Depths:4 | Reached skill level 22 in Spellcasting
 56699 | Depths:4 | Found a gateway to a ziggurat.
 57195 | Depths:4 | Lost mutation: You are covered in fur. (AC +1) [potion of
                  | mutation]
 57195 | Depths:4 | Lost mutation: You are somewhat resistant to further
                  | mutation. [potion of mutation]
 57195 | Depths:4 | Gained mutation: You are robust. (+10% HP) [potion of
                  | mutation]
 57195 | Depths:4 | Gained mutation: Your spells are a little harder to cast,
                  | but a little more powerful. [potion of mutation]
 57260 | Depths:5 | Entered Level 5 of the Depths
 57526 | Depths:5 | Reached skill level 23 in Spellcasting
 57592 | Depths:5 | Found a gate to the Realm of Zot.
 57776 | Depths:5 | Noticed Mennas
 57780 | Depths:5 | Killed Mennas
 58498 | Zot:1    | Entered Level 1 of the Realm of Zot
 59286 | Zot:2    | Reached skill level 24 in Spellcasting
 59471 | Zot:2    | Found a transporter.
 59475 | Zot:2    | Found the +6 Majin-Bo {vamp, MP+6 Int+6}
 59563 | Zot:2    | Found a transporter.
 59639 | Zot:2    | Noticed a dread lich
 59642 | Zot:2    | Killed a dread lich
 59774 | Zot:2    | Identified the ring "Qalloof" {Str+3 Int+6}
 59786 | Zot:2    | Identified the amulet "Dediqac" {Faith -Tele rN+++ Regen+
                  | Stlth+}
 59974 | Zot:2    | Found a runed translucent door.
 59974 | Zot:2    | Found a shimmering altar of Xom.
 59974 | Zot:2    | Noticed Teqoj's ghost (legendary MiBe)
 60629 | Zot:3    | Reached skill level 25 in Spellcasting
 61053 | Zot:4    | Acquired 772 gold pieces
 61248 | Zot:4    | Noticed a Killer Klown
 61249 | Zot:4    | Noticed a Killer Klown
 61255 | Zot:4    | Killed a Killer Klown
 61258 | Zot:4    | Killed a Killer Klown
 61777 | Zot:5    | Entered Level 5 of the Realm of Zot
 62099 | Zot:5    | Noticed a dread lich
 62100 | Zot:5    | Killed a dread lich
 62131 | Zot:5    | Reached skill level 19 in Fighting
 62227 | Zot:5    | Noticed an orb of fire
 62228 | Zot:5    | Noticed a dread lich
 62230 | Zot:5    | Killed a dread lich
 62231 | Zot:5    | Killed an orb of fire
 62231 | Zot:5    | Noticed a dread lich
 62236 | Zot:5    | Killed a dread lich
 62298 | Zot:5    | Noticed an ancient lich
 62302 | Zot:5    | Killed an ancient lich
 62453 | Zot:5    | Noticed a Killer Klown
 62456 | Zot:5    | Killed a Killer Klown
 62540 | Zot:5    | Noticed a dread lich
 62542 | Zot:5    | Killed a dread lich
 62577 | Zot:5    | Noticed a Killer Klown
 62578 | Zot:5    | Killed a Killer Klown
 62593 | Zot:5    | Killed an ancient lich
 62594 | Zot:5    | Reached skill level 26 in Spellcasting
 62609 | Zot:5    | Noticed a dread lich
 62611 | Zot:5    | Killed a dread lich
 62981 | Zot:5    | Noticed a dread lich
 62983 | Zot:5    | Killed a dread lich
 62988 | Zot:5    | Noticed an orb of fire
 62993 | Zot:5    | Killed an orb of fire
 63057 | Zot:5    | Reached skill level 20 in Fighting
 63155 | Zot:5    | Got the Orb of Zot
 63655 | D:$      | Escaped with the Orb!

Illustrated notes

Levels and vault maps discovered:
D:1:      kennysheep_arrival_forest, layout_loops_ring, due_unseen_surprise
D:2:      minmay_wonky_spiral, layout_loops_cross,
          hellmonk_ecumenical_altar_lost_god, serial_shops, shop,
          uniq_crazy_yiuf_cottage
D:3:      layout_basic, overflow_temple_1_default,
          nicolae_ru_sacrificial_ziggurat, serial_shops, nicolae_shop_trees,
          nrook_uturn, uniq_grinder, uniq_jessica
D:4:      layout_layer_cave, nicolae_overflow_crystal_walls, serial_shops, shop
D:5:      layout_layer_cave, portal_sewer_entry_b, uniq_blork_the_orc
D:6:      layout_basic, old_standard_altar, lemuel_crystal_altar,
          minmay_stone_trees_small, grunt_decor_one_mirror,
          kennysheep_another_room
D:7:      layout_cave_pools, temple_hall, chequers_serial_rivers_micro_a,
          kennysheep_big_empty_room, grunt_decor_arrowhead,
          chequers_mini_garden, uniq_maggie
D:8:      layout_rooms, nicolae_overflow_hidden_temple, lemuel_crystal_altar,
          nzn_wu_jian_contemplation, lair_entry_dummy, kennysheep_small_spiral
D:9:      layout_irregular_city, nicolae_tso_carved_into_rock,
          chequers_arboretum, minmay_misc_feat_pillars
D:10:     layout_loops_ring, regret_index_temple_of_mockery, chequers_garden,
          minmay_microvault, uniq_nergalle, uniq_psyche
D:11:     kennysheep_ambush_hall, layout_loops_ring, orc_0_dummy,
          gammafunk_ghost_smash, portal_ice_cave_entry_pillars_1,
          minmay_statue_crystal_thing
D:12:     kennysheep_kobold_lugonu_temple, layout_basic, okawaru_humans
D:13:     layout_roguey, nicolae_transmutations_shop, uniq_azrael
D:14:     layout_rooms, ximxim_vaults_locker_room, minmay_fountain_box,
          uniq_kirke
D:15:     hangedman_depths_entry_try_elsewhere_first, layout_loops_ring,
          serial_shops, shop_statue, shop, shop, shop, moated_statue,
          gammafunk_ghost_mausoleum
Temple:   minmay_freezing_vapour_temple
Lair:1:   layout_chaotic_city
Lair:2:   layout_gridlike, grunt_megastairs_4
Lair:3:   layout_small_grid, pf_torpor_hydra
Lair:4:   layout_regular_city, minmay_shoals_entry_hut,
          guppyfry_snake_entry_garden, grunt_forest_stairs_clearing,
          lemuel_fruit_tree
Lair:5:   layout_misc_corridors, dpeg_slime_entry_enclosed_altar,
          chequers_serial_rivers_small_b
Lair:6:   gammafunk_lair_ancient_temple, layout_cave_pods,
          gammafunk_ghost_grave, uniq_nessos
Shoals:1: layout_shoals, nicolae_shoals_cliffside_cave,
          nicolae_shoals_circle_sea_wall, nicolae_shoals_loop_pool, uniq_nikola
Shoals:2: layout_shoals, gammafunk_ghost_necromancy
Shoals:3: layout_shoals, nicolae_shoals_siren_and_animal_friends
Shoals:4: shoals_end_grunt_ice, layout_shoals, shoals_ilsuiw_ice,
          dpeg_stationary_puzzle
Snake:1:  layout_onion_interference, chequers_hall_statues_wall_a,
          minmay_shoptagon
Snake:2:  cheibrodos_snake_ritualist_ritual, layout_chambers,
          ebering_ghost_inner_flame, minmay_shop_grove
Snake:3:  layout_grid_maze, serial_shops, bzr_entry_road, grunt_ministairs_3
Snake:4:  snake_pit, layout_grid_maze, st_stairs_12, uniq_vashnia
Slime:1:  layout_caves
Slime:2:  layout_caves
Slime:3:  layout_caves
Slime:4:  layout_caves
Slime:5
Orc:1:    layout_diamond_mine
Orc:2:    grunt_orc_tribal_feast, layout_caves
Elf:1:    eino_elf_arrival_the_gate, layout_gridlike,
          infiniplex_enter_wizlab_water, basic_altar, hangedman_elf_represent,
          hangedman_elven_pyramids, grunt_megastairs_3
Elf:2:    layout_onion_city, drop_trap, minmay_misc_feat_ornament, uniq_roxanne
Elf:3:    minmay_elf_hall_not_hex, layout_loops_corners, serial_shops,
          nicolae_shop_statue_plus, uniq_aizul
Vaults:1: serial_ice_h, ontoclasm_vaults_shout, nicolae_vaults_little_squares_2,
          vaults_dpeg_cross, ontoclasm_vaults_twist,
          ontoclasm_vaults_decontamination, nicolae_vaults_little_squares_3,
          vaults_room_hallway, ontoclasm_vaults_gateway, v_misc_22,
          ontoclasm_vaults_shuriken, ontoclasm_vaults_fault,
          layout_vaults_omnicross
Vaults:2: vaults_dpeg_doors, vaults_mumra_chevron, v_misc_33, v_rooms_2,
          vaults_dpeg_hooks, minmay_crypt_entry_simple_box,
          nicolae_vaults_mini_display_case, hangedman_vaults_stagger,
          ontoclasm_vaults_ring_small, vaults_room_grid, ontoclasm_vaults_eye,
          v_rooms_6, vaults_room_pools, vaults_room_stairs_pillars,
          layout_vaults_ring, serial_shops, bzr_entry_safe, uniq_mara
Vaults:3: nicolae_vaults_ring_of_whatevers, hangedman_vaults_nails,
          hangedman_vaults_pinch, vaults_room_fancy_cross,
          nicolae_vaults_stairing_the_circle, nicolae_vaults_what_the_h,
          nicolae_vaults_yaktaur_gun_rack, vaults_dpeg_diagonal,
          nicolae_vaults_ring_of_whatevers, nicolae_vaults_theta,
          layout_vaults_omnibox
Vaults:4: gammafunk_vaults_ghost_spectres, hangedman_vaults_river_flow,
          kb_rosetta, v_misc_32, nicolae_vaults_little_squares_2,
          vaults_room_fours, nicolae_vaults_theta,
          nicolae_vaults_little_squares_3, layout_vaults_big_room,
          uniq_saint_roka
Depths:1: layout_forbidden_donut, grunt_pan_entry_zigzag,
          abyss_entry_small_statue_room, hangedman_abyss_or_decor_lesser_grid,
          hell_entry, enter_trove_0, nicolae_island_escapes
Depths:2: minmay_octagon_city, layout_gridville,
          nicolae_abyss_entry_one_way_or_another, serial_shops, shop,
          hell_entry, serial_glass, glass_columns_c, glass_columns_a,
          infiniplex_staircase_split_hallway
Depths:3: four-leaf_vault, layout_cave_pools, chequers_serial_rivers_micro_e,
          serial_rivers, chequers_serial_rivers_micro_b,
          chequers_serial_rivers_marsh, chequers_serial_rivers_marsh,
          chequers_serial_rivers_room_a, chequers_serial_rivers_small_b,
          hell_entry, abyss_entry, rand_demon_pan_entry_4
Depths:4: grunt_x_marks_the_spot, layout_basic, enter_ziggurat_e,
          serial_bayou_pond_c, abyss_entry, pf_dread_powers_of_hell,
          infiniplex_staircase_spiral
Depths:5: grunt_zot_entry_bicorn, layout_gridlike, hell_entry,
          minmay_room_of_horrors, rand_demon_pan_entry_8,
          amcnicky_mini_pool_small, uniq_mennas
Hell
Zot:1:    layout_cellular_growth, bh_zot_levy_curve, zot_minivault_4
Zot:2:    gammafunk_dig_for_victory, layout_onion_interference,
          ebering_ghost_xom, grunt_ministairs_4, bh_zot_ikea_curve
Zot:3:    layout_misc_corridors
Zot:4:    grunt_zot_stairs_faceoff, layout_onion, skrybe_zot_glass_1
Zot:5:    layout_gridlike, grunt_ministairs_12

Skill      XL: |  1  2  3  4  5  6  7  8  9 10 11 12 13 14 15 16 17 18 19 20 21 22 23 24 25 26 27 |
---------------+----------------------------------------------------------------------------------+-----
Spellcasting   | 5 6 7 10 11 12 13 14 16 17 18 19 20 21 26 | 26.4
Fighting       | 2 5 7 9 12 13 14 16 17 20 | 20.2
Evocations     | 2 5 7 9 10 11 15 | 15.7
Stealth        | 0 |  0.0
Shields        | 4 6 10 12 13 | 13.2
Dodging        | 9 10 11 12 | 12.0
Staves         | 2 6 |  6.8

Action                   |  1- 3 |  4- 6 |  7- 9 | 10-12 | 13-15 | 16-18 | 19-21 | 22-24 | 25-27 || total
-------------------------+-------+-------+-------+-------+-------+-------+-------+-------+-------++-------
Melee: Short sword       |       |       |     5 |     2 |       |       |       |       |       ||     7
       Quarterstaff      |       |       |       |     6 |     2 |       |       |       |       ||     8
       Flail             |       |       |       |       |     3 |       |     1 |       |       ||     4
       Staff             |       |       |       |       |       |       |     4 |    18 |    32 ||    54
 Cast: Magic Dart        |    49 |    55 |    87 |     1 |   189 |   437 |    95 |       |       ||   913
       Foxfire           |    11 |     3 |    89 |   169 |    23 |    79 |   312 |     2 |       ||   688
       Fulminant Prism   |       |     1 |     7 |    84 |   139 |   106 |   137 |       |    25 ||   499
       Dazzling Flash    |       |       |     6 |     2 |     3 |       |       |       |       ||    11
       Searing Ray       |       |       |     7 |     1 |     2 |       |     1 |       |     1 ||    12
       Iskenderun's Myst |       |       |     9 |    48 |   135 |   182 |    81 |     1 |    59 ||   515
       Leda's Liquefacti |       |       |     2 |       |       |       |       |       |       ||     2
       Cause Fear        |       |       |       |     5 |    10 |     6 |     1 |       |     3 ||    25
       Iskenderun's Batt |       |       |       |       |    72 |   104 |    72 |     1 |     9 ||   258
       Static Discharge  |       |       |       |       |     8 |       |       |       |       ||     8
       Invisibility      |       |       |       |       |     1 |     3 |     1 |       |       ||     5
       Spellforged Servi |       |       |       |       |       |     2 |     1 |       |     1 ||     4
       Death Channel     |       |       |       |       |       |       |     2 |       |       ||     2
       Chain Lightning   |       |       |       |       |       |       |    76 |   270 |   258 ||   604
       Dragon Form       |       |       |       |       |       |       |       |     1 |       ||     1
       Fire Storm        |       |       |       |       |       |       |       |       |   348 ||   348
       Disjunction       |       |       |       |       |       |       |       |       |     2 ||     2
Invok: Sacrifice Skill   |       |       |     1 |       |       |       |       |       |       ||     1
       Sacrifice Durabil |       |       |     1 |       |       |       |       |       |       ||     1
       Sacrifice Purity  |       |       |       |     1 |     1 |       |       |       |       ||     2
       Sacrifice Stealth |       |       |       |     1 |       |       |       |       |       ||     1
       Sacrifice Health  |       |       |       |       |     1 |       |     1 |       |       ||     2
       Apocalypse        |       |       |       |       |     2 |     1 |     1 |     1 |       ||     5
       Reject Sacrifices |       |       |       |       |     1 |     1 |       |       |       ||     2
       Draw Out Power    |       |       |       |       |       |     2 |       |       |       ||     2
 Abil: End Transformatio |       |       |       |       |       |       |       |     1 |       ||     1
Evoke: Wand              |       |       |       |       |     1 |     1 |       |       |    11 ||    13
  Use: Scroll            |       |     4 |     3 |    13 |     9 |     5 |     6 |     6 |     8 ||    54
       Potion            |       |       |     2 |       |       |     3 |     2 |     1 |     3 ||    11
 Stab: Paralysed         |       |       |       |       |       |       |       |     2 |       ||     2
Armor: Robe              |     2 |     4 |    22 |     6 |    14 |    41 |    81 |    99 |    98 ||   367
Dodge: Dodged            |     8 |     3 |    58 |    20 |    47 |   108 |    56 |    25 |    39 ||   364
Block: Buckler           |       |       |       |       |    10 |    47 |    32 |    14 |    34 ||   137

Table legend: (Time is in decaauts)
 A = Elapsed time spent in this place.
 B = Non-inter-level travel time spent in this place.
 C = Inter-level travel time spent in this place.
 D = Time resting spent in this place.
 E = Time spent auto-exploring this place.
 F = Levels seen in this place.
 G = Mean time per level.
                   A        B        C        D        E       F      G
               +--------+--------+--------+--------+--------+-----+--------+
         Total |  63881 |  55498 |   8383 |   7130 |  38223 |  61 | 1047.2 |
       Dungeon |  20640 |  16838 |   3802 |   2660 |  12181 |  15 | 1376.0 |
        Temple |     15 |     10 |      5 |      0 |     10 |   1 |   15.0 |
          Lair |   8808 |   7203 |   1605 |   1697 |   4399 |   6 | 1468.0 |
        Shoals |   4690 |   4453 |    237 |    458 |   2869 |   4 | 1172.5 |
     Snake Pit |   5378 |   4784 |    594 |    281 |   3122 |   4 | 1344.5 |
    Slime Pits |   2110 |   1930 |    180 |    183 |   1354 |   5 |  422.0 |
  Orcish Mines |   1309 |   1052 |    257 |      0 |    849 |   2 |  654.5 |
   Elven Halls |   3079 |   2921 |    158 |    182 |   2266 |   3 | 1026.3 |
        Vaults |   5233 |   4893 |    340 |    455 |   3564 |   4 | 1308.2 |
        Depths |   5952 |   5421 |    531 |    372 |   4086 |   5 | 1190.4 |
          Hell |      8 |      8 |      0 |      0 |      0 |   1 |    8.0 |
           Zot |   4766 |   4095 |    671 |    591 |   2640 |   5 |  953.2 |
        Bazaar |    403 |    403 |      0 |    100 |    132 |   2 |  201.5 |
         Trove |     65 |     65 |      0 |      0 |     13 |   1 |   65.0 |
         Sewer |    299 |    299 |      0 |      0 |    221 |   1 |  299.0 |
      Ice Cave |    691 |    691 |      0 |     37 |    424 |   1 |  691.0 |
        Wizlab |    428 |    428 |      0 |    114 |     93 |   1 |  428.0 |
               +--------+--------+--------+--------+--------+-----+--------+

Top non-repeatable levels by time:
  Lair:3: 2062 daAuts
     D:4: 2015 daAuts
    D:10: 1982 daAuts
     D:5: 1818 daAuts
  Lair:1: 1756 daAuts
  Lair:2: 1699 daAuts
 Snake:2: 1634 daAuts
     D:6: 1562 daAuts
    D:11: 1531 daAuts
     D:7: 1506 daAuts
     D:2: 1479 daAuts
Depths:2: 1473 daAuts
Vaults:2: 1472 daAuts
Vaults:1: 1459 daAuts
 Snake:4: 1435 daAuts

Table legend:
 A = Kills in this place as a percentage of kills in entire the game.
 B = Kills by you in this place as a percentage of kills by you in the entire game.
 C = Kills by friends in this place as a percentage of kills by friends in the entire game.
 D = Other kills in this place as a percentage of other kills in the entire game.
 E = Experience gained in this place as a percentage of experience gained in the entire game.
 F = Experience gained in this place divided by the number of levels of this place that you have seen.
                   A       B       C       D       E      F
               +-------+-------+-------+-------+-------+----------------------
         Total | 100.0 | 100.0 | 100.0 | 100.0 | 100.0 | 30092.6
       Dungeon |  14.8 |  14.9 |   0.0 |   0.0 |   5.1 | 6259.9
          Lair |   7.5 |   7.5 |   0.0 |   0.0 |   3.2 | 9751.8
        Shoals |  10.0 |  10.1 |   0.0 |   0.0 |   6.7 | 30756.0
     Snake Pit |  11.4 |  11.2 |  25.0 |  66.7 |   8.3 | 38151.8
    Slime Pits |   5.9 |   5.9 |   0.0 |   0.0 |   6.4 | 23345.6
  Orcish Mines |   2.7 |   2.7 |   0.0 |   0.0 |   0.7 | 5972.0
   Elven Halls |   6.1 |   6.1 |   0.0 |   0.0 |   6.3 | 38792.0
        Vaults |  10.7 |  10.7 |   0.0 |   0.0 |  11.1 | 50900.8
        Depths |  16.4 |  16.3 |  25.0 |  16.7 |  22.8 | 83871.4
          Hell |   0.7 |   0.7 |   0.0 |   0.0 |   0.7 | 12888.0
           Zot |   9.5 |   9.3 |  50.0 |  16.7 |  26.9 | 98798.4
         Sewer |   0.4 |   0.4 |   0.0 |   0.0 |   0.0 | 116.0
      Ice Cave |   2.5 |   2.5 |   0.0 |   0.0 |   0.8 | 14390.0
        Wizlab |   1.6 |   1.6 |   0.0 |   0.0 |   1.0 | 18212.0
               +-------+-------+-------+-------+-------+----------------------
